 Dungeon Crawl Stone Soup version 0.19-a0-1568-gdd01aac (webtiles) character file.

78 Amnesiac the Digger (level 4, -10/30 HPs)
             Began as a Mummy Earth Elementalist on Sept 15, 2016.
             Killed from afar by Bronet's ghost (22 damage)
             ... with a flame tongue
             ... on level 3 of the Dungeon.
             The game lasted 00:02:31 (1200 turns).

Amnesiac the Digger (Mummy Earth Elementalist)      Turns: 1200, Time: 00:02:32

Health: -10/30     AC:  6    Str: 11    XL:     4   Next: 15%
Magic:  1/7        EV: 12    Int: 15    God:
Gold:   8          SH:  0    Dex: 12    Spells: 3 memorised, 1 level left

rFire  x . .     SeeInvis .     b - 83 stones
rCold  + . .     Gourm    .     c - +0 robe
rNeg   + + +     Faith    .     (no shield)
rPois  ∞         Spirit   .     (no helmet)
rElec  .         Dismiss  .     (no cloak)
rCorr  .         Reflect  .     h - +2 pair of gloves
MR     .....     Harm     .     i - +0 pair of boots
Stlth  ++........               (no amulet)
                                (no ring)
                                (no ring)

@: no status effects
A: no food or potions, fire vulnerability, cold resistance 1, negative energy
resistance 3, torment resistance, unbreathing
a: no special abilities


You were on level 3 of the Dungeon.
You were not hungry.

You visited 1 branch of the dungeon, and saw 3 of its levels.

You collected 8 gold pieces.

Inventory:

Missiles
 b - 83 stones (in hand)
Armour
 c - a +0 robe (worn)
 h - a +2 pair of gloves (worn)
 i - a +0 pair of boots (worn)
Scrolls
 a - 3 scrolls of remove curse {unknown}
 e - a scroll of enchant armour {unknown}
 f - a scroll of identify {unknown}
 g - 2 scrolls of fear {unknown}
Books
 d - a book of Geomancy

   Spells                             Type                      Level
   a - Sandblast                      Earth                        1
   b - Passwall                       Transmutation/Earth          2
   c - Stone Arrow                    Conjuration/Earth            3
   d - Petrify                        Transmutation/Earth          4
   e - Lee's Rapid Deconstruction     Earth                        5


   Skills:
 - Level 1.5 Dodging
 - Level 1.5 Stealth
 - Level 2.0 Spellcasting
 - Level 0.7 Transmutations
 + Level 4.1 Earth Magic


You had one spell level left.
You knew the following spells:

 Your Spells              Type           Power        Failure   Level  Hunger
f - Stone Arrow           Conj/Erth      #.....       30%         3    N/A
v - Passwall              Tmut/Erth      #.........   14%         2    N/A
z - Sandblast             Erth           ##....       4%          1    N/A

Dungeon Overview and Level Annotations

Branches:
Dungeon (3/15)

Altars:

Annotations:
D:3 Bronet's ghost, amateur OgFE


Innate Abilities, Weirdness & Mutations

You do not eat or drink.
Your flesh is vulnerable to fire.
You are immune to poison.
Your flesh is cold resistant. (rC+)
You are immune to negative energy. (rN+++)
You are immune to unholy pain and torment.
You can survive without breathing.


Message History

Casting: Stone Arrow
Confirm with . or Enter, or press ? or * to list all spells.
Aiming: Stone Arrow
Press: ? - help, Shift-Dir - straight line, f/p - Bronet's ghost
Aim: Bronet's ghost (lightly damaged)
The stone arrow hits Bronet's ghost.
Bronet's ghost is moderately damaged.
Bronet's ghost points at you and mumbles some strange words.
The flame tongue hits you! The fire burns you terribly!
Ouch! That really hurt!
Casting: Stone Arrow
Confirm with . or Enter, or press ? or * to list all spells.
You don't have enough magic to cast that spell.
Casting: Stone Arrow
Confirm with . or Enter, or press ? or * to list all spells.
You don't have enough magic to cast that spell.
Bronet's ghost points at you and mumbles some strange words.
The flame tongue hits you! The fire burns you terribly!
Ouch! That really hurt!
You die...

## ### #. ..## #. #..
#. #.# #!#######.#
#.#÷......#
#)@W.####.#
#.....÷÷#!..##.#
####.#....#.##.#
#.....##.##.########.
###.####.............
#.........########.
###########


You could see Bronet's ghost.

Vanquished Creatures
  Jessica (D:2)
  3 adders (D:2)
  A dart slug (D:2)
  2 leopard geckos (D:2)
  An orc (D:2)
  A giant cockroach (D:2)
  A hobgoblin (D:2)
  3 quokkas
  A ball python (D:1)
  2 bats (D:1)
  3 frilled lizards
  2 kobolds
  4 rats
25 creatures vanquished.

Notes
Turn   | Place    | Note
-------+----------+-------------------------------------------
     0 | D:1      | Amnesiac the Mummy Earth Elementalist began the quest for the Orb.
     0 | D:1      | Reached XP level 1. HP: 13/13 MP: 3/3
   346 | D:2      | Reached skill level 3 in Earth Magic
   346 | D:2      | Reached XP level 2. HP: 9/19 MP: 1/5
   575 | D:2      | Noticed Jessica
   580 | D:2      | Killed Jessica
   580 | D:2      | Reached XP level 3. HP: 18/24 MP: 0/6
   584 | D:2      | Learned a level 2 spell: Passwall
   810 | D:3      | Noticed Bronet's ghost (amateur OgFE)
   817 | D:3      | Learned a level 3 spell: Stone Arrow
   965 | D:2      | Reached skill level 4 in Earth Magic
   965 | D:2      | Reached XP level 4. HP: 30/30 MP: 5/7
  1200 | D:3      | Killed from afar by Bronet's ghost

Vault maps used:
D:1:      tarquinn_simple_flora_water_c, roderic_lattice_a, st_stairs_11,
          minmay_quantized
D:2:      uniq_jessica

Skill      XL: |  1  2  3 |
---------------+----------+-----
Earth Magic    | 3 4 |  4.1
Dodging        | |  1.5
Stealth        | |  1.5
Spellcasting   | |  2.0
Transmutations | |  0.7

Action                   |  1- 3 |  4- 6 || total
-------------------------+-------+-------++-------
 Cast: Sandblast         |    39 |    10 ||    49
       Stone Arrow       |       |     3 ||     3
Armor: Robe              |     3 |     1 ||     4
Dodge: Dodged            |    20 |     3 ||    23
